 Dungeon Crawl Stone Soup version 0.17-a0-1951-g62301d3 (webtiles) character file.

53 wvc the Poker (level 3, 0/18 HPs)
             Began as a Vine Stalker Skald on Oct 2, 2015.
             Succumbed to an adder's poison
             ... on level 2 of the Dungeon.
             The game lasted 00:03:15 (940 turns).

wvc the Poker (Vine Stalker Skald)                   Turns: 940, Time: 00:03:15

Health: 0/18       AC:  4    Str: 17    XL:     3   Next: 87%
Magic:  1/7        EV: 11    Int: 12    God:
Gold:   44         SH:  0    Dex: 14    Spells: 2 memorised, 3 levels left

rFire  . . .     SeeInvis .     d - 2 bread rations
rCold  . . .     Clarity  .     b - +0 leather armour
rNeg   . . .     SustAt   .     (no shield)
rPois  .         Gourm    .     j - +0 helmet
rElec  .         Spirit   +     (no cloak)
rCorr  .         Warding  .     (no gloves)
rMut   .         Stasis   .     (no boots)
MR     .....                    (no amulet)
Stlth  +.........               (no ring)
                                i - +3 ring of strength

@: lethally poisoned (0 -> -4), very slightly contaminated, hasted, very quick,
not resistant to hostile enchantments, very unstealthy
A: fangs 2, regeneration 1, magic shield, antimagic bite, no device heal 3, rot
immunity
a: no special abilities


You were on level 2 of the Dungeon.
You were not hungry.

You visited 1 branch of the dungeon, and saw 2 of its levels.

You collected 44 gold pieces.

Inventory:

Hand weapons
 a - a +0 spear
Armour
 b - a +0 leather armour (worn)
 j - a +0 helmet (worn)
Jewellery
 i - a +3 ring of strength (left hand)
Scrolls
 f - a scroll of blinking {unknown}
 h - a scroll of enchant armour
Potions
 e - a potion of flight {unknown}
 g - a potion of haste
Books
 c - a book of Battle

   Spells                             Type                      Level
   a - Infusion                       Charms                       1
   b - Shroud of Golubria             Charms/Translocation         2
   c - Song of Slaying                Charms                       2
   d - Spectral Weapon                Hexes/Charms                 3
   e - Regeneration                   Charms/Necromancy            3
Comestibles
 d - 2 bread rations (in hand)


   Skills:
 - Level 1.7 Fighting
 * Level 3.2 Polearms
 + Level 1.4 Armour
 + Level 1.0 Dodging
 - Level 2.1 Spellcasting
 - Level 3.0 Charms


You had 3 spell levels left.
You knew the following spells:

 Your Spells              Type           Power        Failure   Level  Hunger
a - Infusion              Chrm           #.....       12%         1    ##.....
b - Shroud of Golubria    Chrm/Tloc      #.........   28%         2    ###....


Dungeon Overview and Level Annotations

Branches:
Dungeon (2/15)

Altars:


Innate Abilities, Weirdness & Mutations

You have extremely sharp teeth.
Your natural rate of healing is unusually fast.
When hurt, damage is shared between your health and your magic reserves.
Your bite disrupts and absorbs the magic of your enemies.
Potions and wands cannot restore your health.
You are immune to rotting.


Message History

The adder poisons you!
You hit the adder.
You kill the adder!
* * * LOW HITPOINT WARNING * * *
You feel sick.
* * * LOW HITPOINT WARNING * * *
You feel sick.
You see here an adder corpse.
Wield which item (- for none, * to show all)? (? for menu, Esc to quit)
Okay, then.
Wield which item (- for none, * to show all)? (? for menu, Esc to quit)
d - 2 bread rations (in hand)
You swing at nothing.
* * * LOW HITPOINT WARNING * * *
You feel sick.
You swing at nothing.
* * * LOW HITPOINT WARNING * * *
You feel sick.
You swing at nothing.
You die...

#........#
#....(...#
#........#...#
#..$.....#...#
#........#...#
#........+...+
#........#...#
#####+#@†.##...#
...............#
..(......†.....##
.......<........+
.......#....#####
#####...........
############


There were no monsters in sight!

Vanquished Creatures
  An adder (D:2)
  A worm (D:1)
  3 giant geckos (D:1)
  3 bats
  5 giant cockroaches (D:1)
  3 goblins (D:1)
  6 hobgoblins (D:1)
  7 kobolds (D:1)
  A giant newt (D:1)
  3 rats (D:1)
33 creatures vanquished.

Notes
Turn   | Place    | Note
--------------------------------------------------------------
     0 | D:1      | wvc the Vine Stalker Skald began the quest for the Orb.
     0 | D:1      | Reached XP level 1. HP: 11/11 MP: 4/4
    85 | D:1      | Reached XP level 2. HP: 12/15 MP: 4/6
    90 | D:1      | Reached skill level 1 in Armour
   377 | D:1      | Reached XP level 3. HP: 18/18 MP: 7/7
   723 | D:1      | Learned a level 2 spell: Shroud of Golubria
   874 | D:1      | Reached skill level 1 in Dodging
   940 | D:2      | Succumbed to an adder's poison

Vault maps used:
D:1:      arrival_zaba_pyramid, kennysheep_another_room, st_stairs_9

Action                   || total
-------------------------++-------
Melee: Spear             ||   125
 Cast: Infusion          ||     1
  Use: Scroll            ||     4
       Potion            ||     1
 Stab: Sleeping          ||     2
